 Dungeon Crawl Stone Soup version 0.25-a0-310-g60f0ac2d9a (webtiles) character file.

Game seed: 15580677021949174083, levelgen mode: deterministic

303 Goblin1989 the Covert (level 6, -17/30 HPs)
             Began as a Spriggan Assassin on Dec 22, 2019.
             Was a Believer of Elyvilon.
             Demolished by a troll (18 damage)
             ... on level 12 of the Dungeon on Dec 23, 2019.
             The game lasted 00:20:53 (3558 turns).

Goblin1989 the Covert (Spriggan Assassin)           Turns: 3558, Time: 00:20:54

Health: -17/30     AC:  3    Str:  7    XL:     6   Next: 15%
Magic:  0/7        EV: 17    Int: 12    God:    Elyvilon [**....]
Gold:   126        SH:  0    Dex: 20    Spells: 5/5 levels left

rFire    . . .     SeeInvis +   a - +2 dagger
rCold    . . .     Gourm    .   (shield restricted)
rNeg     . . .     Faith    .   b - +0 robe
rPois    .         Spirit   +   (helmet restricted)
rElec    .         Reflect  .   c - +0 cloak
rCorr    .         Harm     .   (gloves unavailable)
MR       +....                  (boots unavailable)
Stlth    +++++.....             n - amulet of guardian spirit
HPRegen  0.10/turn              (no ring)
MPRegen  0.10/turn              (no ring)

@: very quick
A: very small, unfitting armour, see invisible, herbivore, speed 3, slow
metabolism 2
a: Lesser Healing, Heal Other, Divine Protection, Renounce Religion


You were on level 12 of the Dungeon.
You worshipped Elyvilon.
Elyvilon was pleased with you.
You were very full.

You visited 2 branches of the dungeon, and saw 13 of its levels.

You collected 126 gold pieces.

Inventory:

Hand Weapons
 a - a +2 dagger (weapon)
 l - a cursed -2 mace
 m - a +0 dagger
 p - a +0 war axe
 A - a +0 whip
 D - a +0 rapier
 H - a +0 hand axe
 K - a +0 lajatang
 Q - a +0 falchion
 S - a +0 flail
 W - a +0 hand crossbow
Missiles
 d - 49 poisoned darts (quivered)
 f - 2 curare-tipped darts
 k - 160 stones {@Q3}
 v - 45 sling bullets
 y - 102 bolts
 B - 56 arrows
 J - 2 boomerangs
 T - 6 javelins {@Q2}
 Z - a throwing net {!d , @Q1}
Armour
 b - a +0 robe (worn)
 c - a +0 cloak (worn)
 x - a cursed +0 scale mail
 z - a +0 plate armour
 F - a +0 ring mail
 M - a +0 plate armour
 N - a +0 chain mail
 P - a +0 ring mail
 V - a +0 scale mail
Magical Staves
 G - an uncursed staff of summoning {unknown}
Jewellery
 n - an amulet of guardian spirit (around neck)
 U - an uncursed ring of wizardry {unknown}
 Y - an uncursed ring of flight {unknown}
Wands
 L - a wand of flame (14) {@v6}
 X - a wand of iceblast (5) {@v4}
Scrolls
 g - a scroll of teleportation {unknown}
 i - 5 scrolls of identify {unknown}
 j - a scroll of immolation {unknown}
 s - a scroll of enchant weapon {unknown}
 u - a scroll of noise {unknown}
 w - 2 scrolls of remove curse {unknown}
 C - 2 scrolls of magic mapping {unknown}
 I - a scroll of summoning {unknown}
 O - a scroll of blinking {unknown}
 R - a scroll of fog {unknown}
Potions
 h - a potion of agility {unknown}
 o - 3 potions of resistance {unknown}
 q - a potion of invisibility {unknown}
 r - 2 potions of curing {unknown}
 t - 3 potions of heal wounds {unknown}
 E - a potion of lignification {unknown}
Comestibles
 e - 8 rations


   Skills:
 - Level 1.5 Fighting
 - Level 2.1 Short Blades
 - Level 2.0 Throwing
 - Level 1.5 Dodging
 + Level 11.2 Stealth


You had 5 spell levels left.
You didn't know any spells.
Your spell library contained the following spells:

 Spells                   Type           Power        Failure   Level  Hunger
 Magic Dart               Conj           #...         32%         1    ##.....
 Searing Ray              Conj           #.....       45%         2    ###....
 Dazzling Flash           Conj/Hex       #.....       69%         3    ####...
 Cause Fear               Hex            #.........   97%         4    #####..
 Fulminant Prism          Conj/Hex       #.........   97%         4    #####..
 Iskenderun's Mystic Bla  Conj/Tloc      #.......     97%         4    #####..
 Silence                  Hex/Air        #.........   100%        5    ######.
 Yara's Violent Unravell  Hex/Tmut       #.........   100%        5    ######.
 Deflect Missiles         Chrm/Air       #.........   100%        6    #######
 Discord                  Hex            #.........   100%        8    #######


Dungeon Overview and Level Annotations

Branches:
Dungeon (12/15)            Temple (1/1) D:7
   Lair: D:8-11         Orc: D:9-12

Altars:
Ashenzari
Cheibriados
Elyvilon
Fedhas
Gozag
Hepliaklqana
Kikubaaqudgha
Makhleb
Nemelex Xobeh
Qazlal
Ru
Trog
Uskayaw
Vehumet
Wu Jian
Yredelemnul
Zin
The Shining One

Shops:
D:4 =

Annotations:
D:2 exclusion: jelly
D:12 Psyche


Innate Abilities, Weirdness & Mutations

You are very small and have problems with some larger weapons.
You are too small for most types of armour.
You have supernaturally acute eyesight. (SInv)
You are a herbivore.
You cover ground extremely quickly.
You need to consume almost no food.


Message History

You take 2 damage, and have 19/22 hp.
The crimson imp barely misses you.
There is a stone staircase leading down here.
You climb downwards.
Found an escape hatch in the ceiling.
There is a stone staircase leading up here.
Unknown command.
i - 5 scrolls labeled FYHYEJ UTSOET (gained 1)
Okay, then.
Health restored: 22 You open the door.
There is an open door here.
You open the large door.
An orc comes into view. It is wielding a +0 mace.
Found an escape hatch in the floor.
There is a large open door here.
An orc comes into view.
There is a large open door here.
An orc priest comes into view. It is wielding a +0 hand axe.
The orc priest shouts!
The orc shouts! x2; You hear a croak.
You see here a spear.
You can't carry that many items.
There is a large open door here.
There is a large open door here.
There is an escape hatch in the ceiling here.
You can now heal and attempt to pacify others.
You open the door.
There is an open door here.
Found a stone staircase leading down.
You close the door.
d - 49 poisoned darts (gained 18)
A centaur warrior skeleton comes into view.
You see here 25 gold pieces.
There is a stone staircase leading down here.
You climb downwards.
A hippogriff comes into view.
Found a stone staircase leading down.
There is a stone staircase leading up here.
The helpless hippogriff fails to defend itself.
You skewer the hippogriff like a kebab!!!
You kill the hippogriff!
Your Stealth skill gained 2 levels and is now at level 11!
You have reached level 5!
You feel agile.
You have reached level 6!
Your experience leads to an increase in your attributes!
Increase (S)trength, (I)ntelligence, or (D)exterity?
You feel agile.
Health restored: 30; MP restored: 7 Unknown command.
You now have 126 gold pieces (gained 17).
Number of times to repeat, then command key: You must enter the number of times for the command to repeat.
Unknown command.
e - 8 rations (gained 1)
You open the door.
There is an open door here.
You open the door.
A purple ugly thing comes into view.
The purple ugly thing gurgles horribly!
A bullfrog comes into view.
There is an open door here.
There is an open door here.
There is an open door here.
There is a stone staircase leading down here.
You climb downwards.
An adder comes into view.
There is a stone staircase leading up here.
You open the door. 5 yaks and Psyche come into view.
Psyche is wielding a +1 dagger of chaos.
You close the door.
You see here a robe.
A phantom comes into view.
Unknown command.
Unknown command.
You see here a robe.
A yak comes into view.
A troll comes into view.
A wolf spider zombie comes into view.
The troll shouts!
The troll bites you! The troll barely misses you. x2
You take 8 damage, and have 22/30 hp.
MASSIVE DAMAGE!!
You now have 5/7 mp.
You hit the troll but do no damage. The troll bites you!
* * * LOW HITPOINT WARNING * * *
The troll claws you!
* * * LOW HITPOINT WARNING * * *
The troll barely misses you.
You take 21 damage, and have 1/30 hp.
MASSIVE DAMAGE!!
You now have 0/7 mp.
You closely miss the troll. The troll bites you!
Elyvilon protects you from harm! The troll misses you.
The troll barely misses you.
Unknown command.
You hit the troll.
The troll is lightly wounded.
The wolf spider zombie hits you!! Elyvilon protects you from harm!
The wolf spider zombie misses you. The troll bites you!!
Ouch! That really hurt!
You die...

█...█ █...█ █....█ █...█
. █..... █...█████..
█..... █..........
█..... █..........
█..... █.........█
█.....████████..Z......█
█........Y......@T.....█
█.....Y................█
..███████..............█
█...............
█.....████████.. █.....█
.... . █.....█ ....Y
█.....█ .....
█.....█.....Y


You could see a yak, a troll and a wolf spider zombie.

Vanquished Creatures
  A hippogriff (D:11)
  A centaur zombie (D:7)
  2 worker ants
  A hound zombie (D:7)
  A hound skeleton (D:5)
  A leopard gecko (D:5)
  A giant cockroach (D:5)
  3 kobolds
  A bat (D:1)
  3 frilled lizards (D:3)
  2 jackal skeletons
  A rat (D:3)
18 creatures vanquished.

Notes
Turn   | Place    | Note
-------+----------+-------------------------------------------
     0 | D:1      | Goblin1989 the Spriggan Assassin began the quest for the
                  | Orb.
     0 | D:1      | Reached XP level 1. HP: 10/10 MP: 2/2
   304 | D:2      | Noticed a jelly
   789 | D:2      | Reached skill level 6 in Stealth
  1446 | D:4      | Found Sostrih's Jewellery Emporium.
  1564 | D:4      | Noticed an ogre
  1677 | D:5      | Entered Level 5 of the Dungeon
  1730 | D:5      | Noticed a phantom
  1730 | D:5      | Noticed a worker ant
  1748 | D:5      | Reached XP level 2. HP: 14/14 MP: 3/3
  1776 | D:5      | Reached skill level 7 in Stealth
  1776 | D:5      | Reached XP level 3. HP: 18/18 MP: 4/4
  1884 | D:6      | Reached skill level 8 in Stealth
  1937 | D:6      | Noticed a bullfrog
  1945 | D:6      | Noticed a sky beast
  2061 | D:5      | Found an ancient bone altar of Kikubaaqudgha.
  2061 | D:5      | Found a bloodstained altar of Trog.
  2068 | D:5      | Reached XP level 4. HP: 22/22 MP: 5/5
  2072 | D:5      | Found a white marble altar of Elyvilon.
  2072 | D:5      | Found a stormy altar of Qazlal.
  2078 | D:5      | Became a worshipper of Elyvilon the Healer
  2288 | D:7      | Reached skill level 9 in Stealth
  2606 | D:7      | Reached * piety under Elyvilon
  2754 | D:7      | Found a staircase to the Ecumenical Temple.
  2759 | Temple   | Entered the Ecumenical Temple
  3084 | D:8      | Noticed a hippogriff
  3256 | D:9      | Noticed a two-headed ogre
  3328 | D:9      | Noticed a phantom
  3335 | D:9      | Upgraded the game from 0.25-a0-308-geac79542e2 to
                  | 0.25-a0-310-g60f0ac2d9a
  3381 | D:10     | Entered Level 10 of the Dungeon
  3451 | D:10     | Reached ** piety under Elyvilon
  3471 | D:10     | Noticed a centaur warrior skeleton
  3479 | D:11     | Noticed a hippogriff
  3480 | D:11     | Killed a hippogriff
  3480 | D:11     | Reached skill level 11 in Stealth
  3480 | D:11     | Reached XP level 5. HP: 25/25 MP: 6/6
  3480 | D:11     | Reached XP level 6. HP: 30/30 MP: 7/7
  3497 | D:11     | Noticed a purple ugly thing
  3515 | D:12     | Noticed Psyche
  3515 | D:12     | Noticed a yak
  3515 | D:12     | Noticed a yak
  3515 | D:12     | Noticed a yak
  3515 | D:12     | Noticed a yak
  3515 | D:12     | Noticed a yak
  3544 | D:12     | Noticed a yak
  3550 | D:12     | Noticed a troll
  3552 | D:12     | Noticed a wolf spider zombie
  3556 | D:12     | HP: 1/30 [troll (10)]
  3557 | D:12     | Elyvilon protects you from harm!
  3558 | D:12     | Elyvilon protects you from harm!
  3558 | D:12     | Demolished by a troll

Levels and vault maps discovered:
D:1:      dpeg_arrival_tiny_h, layout_basic, serial_forest,
          infiniplex_forest_end_2, infiniplex_forest_lined_corner,
          infiniplex_forest_zigzag_1, infiniplex_forest_clump_small,
          infiniplex_forest_straight_2, infiniplex_forest_3_way
D:2:      layout_loops_corners, serial_aquarium, aquarium_bridge_island_small
          [aquarium_subvault_small_open, aquarium_subvault_wall,
          aquarium_subvault_wall, aquarium_subvault_bridge,
          aquarium_subvault_bridge], aquarium_window_fake,
          aquarium_window_corner, aquarium_view_2f, aquarium_view_2d,
          aquarium_pool_1, minmay_randomly_rotated_circles
D:3:      layout_rooms, nicolae_overflow_hidden_temple
D:4:      layout_layer_cave, led_sif_book, serial_shops, kennysheep_mini,
          grunt_decor_resistance, dk_xom_monty_hall
D:5:      layout_basic, gammafunk_temple_overflow_elements,
          chequers_temple_overflow_statue_of_worship, first_ration
D:6:      layout_rooms, nicolae_dithmenos_the_darkroom, minmay_misc_feat_iff
D:7:      layout_basic, minmay_temple_entry_nine_rooms, serial_shops, shop
D:8:      layout_rooms, lemuel_round_altar
D:9:      layout_irregular_city, erik_orc_3, the_bakery
D:10:     layout_basic, grunt_lair_entry_orc_guard_hut
D:11:     layout_roguey, ebering_ghost_disaster_area, serial_shops,
          nicolae_shop_stone, kennysheep_generic_room_7
D:12:     layout_irregular_city, nicolae_two_hexagons, grunt_ministairs_8,
          uniq_psyche
Temple:   eino_temple_water

Skill      XL: |  1  2  3  4 |
---------------+-------------+-----
Stealth        | 6 7 8 11 | 11.2
Fighting       | |  1.5
Short Blades   | |  2.1
Throwing       | |  2.0
Dodging        | |  1.5

Action                   |  1- 3 |  4- 6 || total
-------------------------+-------+-------++-------
Melee: Dagger            |    46 |    23 ||    69
Throw: Dart              |    13 |       ||    13
 Stab: Sleeping          |     1 |     2 ||     3
  Eat: Ration            |     3 |       ||     3
Armor: Robe              |    18 |     1 ||    19
Dodge: Dodged            |    65 |    26 ||    91

Table legend:
 A = Non-vault XP
 B = Vault XP
 C = Vault XP percentage of total XP
 D = Non-vault monster count
 E = Vault monster count
 F = Vault count percentage of total count
                 A         B        C        D         E       F
            +---------+---------+-------+---------+---------+-------
      Total |     433 |       0 |   0.0 |      18 |       0 |   0.0
            +---------+---------+-------+---------+---------+-------
        D:1 |       1 |       0 |   0.0 |       1 |       0 |   0.0
        D:2 |       2 |       0 |   0.0 |       1 |       0 |   0.0
        D:3 |       7 |       0 |   0.0 |       6 |       0 |   0.0
        D:5 |      60 |       0 |   0.0 |       5 |       0 |   0.0
        D:6 |      34 |       0 |   0.0 |       2 |       0 |   0.0
        D:7 |      67 |       0 |   0.0 |       2 |       0 |   0.0
       D:11 |     262 |       0 |   0.0 |       1 |       0 |   0.0
            +---------+---------+-------+---------+---------+-------

Levels and vault maps discovered:
D:1:      dpeg_arrival_tiny_h, layout_basic, serial_forest,
          infiniplex_forest_end_2, infiniplex_forest_lined_corner,
          infiniplex_forest_zigzag_1, infiniplex_forest_clump_small,
          infiniplex_forest_straight_2, infiniplex_forest_3_way
D:2:      layout_loops_corners, serial_aquarium, aquarium_bridge_island_small
          [aquarium_subvault_small_open, aquarium_subvault_wall,
          aquarium_subvault_wall, aquarium_subvault_bridge,
          aquarium_subvault_bridge], aquarium_window_fake,
          aquarium_window_corner, aquarium_view_2f, aquarium_view_2d,
          aquarium_pool_1, minmay_randomly_rotated_circles
D:3:      layout_rooms, nicolae_overflow_hidden_temple
D:4:      layout_layer_cave, led_sif_book, serial_shops, kennysheep_mini,
          grunt_decor_resistance, dk_xom_monty_hall
D:5:      layout_basic, gammafunk_temple_overflow_elements,
          chequers_temple_overflow_statue_of_worship, first_ration
D:6:      layout_rooms, nicolae_dithmenos_the_darkroom, minmay_misc_feat_iff
D:7:      layout_basic, minmay_temple_entry_nine_rooms, serial_shops, shop
D:8:      layout_rooms, lemuel_round_altar
D:9:      layout_irregular_city, erik_orc_3, the_bakery
D:10:     layout_basic, grunt_lair_entry_orc_guard_hut
D:11:     layout_roguey, ebering_ghost_disaster_area, serial_shops,
          nicolae_shop_stone, kennysheep_generic_room_7
D:12:     layout_irregular_city, nicolae_two_hexagons, grunt_ministairs_8,
          uniq_psyche
Temple:   eino_temple_water
